Cogmind - Beta 11.1 @@@ ROGUE MODE // 2022.06.09 @ 13:58:08 Player: lepoulpe303 Result: Destroyed by G-47 Trooper with Particle Gun Performance ------------- Evolutions (0) 0 Regions Visited (1) 200 Robots Destroyed (5) 25 Value Destroyed (69) 69 Prototype IDs (0) 0 Alien Tech Used (0) 0 Bonus (0) 0 TOTAL SCORE: 294 Bonus ------- None Cogmind --------- Core Integrity 0/250 Matter 208/300 Energy 100/100 System Corruption 0% Temperature Cool (9) Movement Core (1350) Ox26 Location -10/Materials Parts ------- > --- POWER (1) -------- (None) > --- PROPULSION (2) --- (None) > --- UTILITY (2) ------ Huge Storage Unit > --- WEAPON (2) ------- (None) > --- INVENTORY (25) --- Wheel Small Storage Unit High-capacity Matter Pod (0) Small Laser Peak State ------------ > --- POWER ------------ Ion Engine > --- PROPULSION ------- Aluminum Leg Aluminum Leg > --- UTILITY ---------- Small Storage Unit > --- WEAPON ----------- Assault Rifle Light Assault Rifle > --- INVENTORY -------- Light Ion Engine Wheel Small Laser [Rating: 6] Favorites ----------- Power Light Ion Engine Engine Light Ion Engine Propulsion Aluminum Leg Leg Aluminum Leg Utility Small Storage Unit Device Terrain Scanner Storage Small Storage Unit Weapon Assault Rifle Ballistic Gun Assault Rifle Launcher Grenade Launcher Build | -11 -10 ------- Run | Scr Mat Slots Evolved . | . . Power . | . . Propulsion . | . . Utility . | . . Weapon . | . . Parts Attached 11 | 6 5 Power 2 | 1 1 Engine 2 | 1 1 Core . | . . Reactor . | . . Propulsion 3 | 2 1 Treads . | . . Leg 3 | 2 1 Wheel . | . . Hover . | . . Flight . | . . Utility 3 | 1 2 Device 1 | . 1 Storage 2 | 1 1 Processor . | . . Hackware . | . . Protection . | . . Artifact . | . . Weapon 3 | 2 1 Energy Gun . | . . Energy Cannon . | . . Ballistic Gun 2 | 2 . Ballistic Cannon . | . . Launcher 1 | . 1 Special Weapon . | . . Impact Weapon . | . . Slashing Weapon . | . . Piercing Weapon . | . . Special Melee Weapon . | . . Unidentified Prototypes . | . . Parts Lost 5 | . 5 Power 1 | . 1 Propulsion 1 | . 1 Utility 1 | . 1 Weapon 2 | . 2 Highest Loss Streak 5 | . 5 To Critical Strikes . | . . Average Slot Usage (%) 66 | . 66 Engine 10 | . 10 Leg 12 | . 12 Device 9 | . 9 Storage 14 | . 14 Ballistic Gun 14 | . 14 Launcher 3 | . 3 Naked Turns . | . . Heaviest Build 89 | 13 89 Greatest Support 20 | 20 20 Greatest Overweight (x) 27 | . 27 Average Overweight (x) . | . 1 Largest Inventory Capacity 25 | 8 25 Average Capacity 14 | 7 16 Most Carried 5 | 5 4 Average Carried 3 | 3 3 Final Capacity 25 | 8 25 Final Carried 4 | 3 4 Class Distribution -------------------- 100% | Mutant Dominant Class ---------------- Mutant | -10/Materials Resources | -11 -10 ----------- Run | Scr Mat Matter Collected 241 | 227 14 Remotely . | . . Salvage Created 103 | . 103 Parts 10 | . 10 Haulers Intercepted . | . . Recyclers Shooed . | . . Parts Field Recycled . | . . Retrieved Matter . | . . Parts Self-Destructed . | . . Prevented . | . . Kills | -11 -10 ------- Run | Scr Mat Combat Hostiles Destroyed 4 | . 4 Guns 4 | . 4 Classes Destroyed 3 | . 3 Builder 1 | . 1 Swarmer 3 | . 3 Grunt 1 | . 1 Best Kill Streak 3 | . 3 Combat Bots Only 3 | . 3 Max Kills in Single Turn 1 | . 1 Gunslinging . | . . Exploded . | . . Melee . | . . Uniques/NPCs Destroyed . | . . Combat | -11 -10 -------- Run | Scr Mat Damage Taken 650 | . 650 Core 255 | . 255 Absorbed by Shields . | . . Core Remaining (%) 100 | 100 . Volleys Fired 21 | . 21 Largest 1 | . 1 Hottest 20 | . 20 Shots Fired 21 | . 21 Gun 21 | . 21 Cannon . | . . Launcher . | . . Special . | . . Kinetic 21 | . 21 Thermal . | . . Explosive . | . . Electromagnetic . | . . Robot Hit Streak 6 | . 6 Robot Miss Streak 2 | . 2 Penetration Max . | . . Secondary Targets . | . . Shots Hit Robots 14 | . 14 Core Hits 8 | . 8 Critical Kills . | . . Critical Parts Destroyed . | . . Critical Strikes . | . . Melee Attacks . | . . Impact . | . . Slashing . | . . Piercing . | . . Sneak Attacks . | . . Combat Hostiles . | . . Follow-up Attacks . | . . Damage Inflicted 179 | . 179 Guns 173 | . 173 Cannons . | . . Explosions . | . . Melee . | . . Ramming 6 | . 6 Kinetic 173 | . 173 Thermal . | . . Explosive . | . . Electromagnetic . | . . Impact . | . . Slashing . | . . Piercing . | . . Highest Corruption . | . . Average Corruption . | . . Corruption Purged . | . . Corruption Blocked . | . . Overload Shots . | . . Overflow Damage . | . . Projectiles . | . . Explosions . | . . Melee . | . . Knockbacks . | . . Impact . | . . Kinetic . | . . Secondary . | . . Self-Inflicted Damage . | . . Shots . | . . Rammed 3 | . 3 Targets Rammed 5 | . 5 Kicked 2 | . 2 Crushed . | . . Highest Temperature 17 | . 17 Average Temperature 9 | . 9 Received Heat Transfer 309 | . 309 Siege Activations . | . . Robots Corrupted . | . . Combat Hostiles . | . . Parts Fried . | . . Impact Corruptions . | . . Robots Melted . | . . Combat Hostiles . | . . Parts Melted . | . . Heat Transferred . | . . Parts Sabotaged . | . . Parts Stolen . | . . Parts Stripped . | . . Power Chain Reactions . | . . Missiles Intercepted . | . . Alert | -11 -10 ------- Run | Scr Mat Peak Influence 75 | . 75 Initial . | . . Average 19 | . 24 Maximum Alert Level . | . . Low Security (%) 100 | 100 100 Level 1 . | . . Level 2 . | . . Level 3 . | . . Level 4 . | . . Level 5 . | . . High Security . | . . Max Security . | . . Squads Dispatched . | . . Investigation . | . . Extermination . | . . Reinforcement . | . . Assault . | . . Garrison . | . . Intercept . | . . Searches Triggered . | . . Construction Impeded . | . . Haulers Reinforced . | . . Active Scanning Responses . | . . Cargo Convoy Interrupts . | . . Stealth | -11 -10 --------- Run | Scr Mat Distress Signals 1 | . 1 Communications Jammed . | . . Distress Signals . | . . Times Spotted 5 | . 5 Peak Tracking Total 4 | . 4 Tactical Retreats . | . . Traps | -11 -10 ------- Run | Scr Mat Traps Triggered 3 | . 3 Indirectly . | . . Trap Hack Attempts . | . . Triggered . | . . Disarmed . | . . Reprogrammed . | . . Reused . | . . Traps Extracted . | . . Installed . | . . Triggered . | . . Machines | -11 -10 ---------- Run | Scr Mat Machines Disabled . | . . Max in Single Turn . | . . Machines Sabotaged . | . . Garrisons Compromised . | . . Overloaded Fab Kills . | . . Hacking | -11 -10 --------- Run | Scr Mat Machines Accessed . | . . Terminals . | . . Fabricators . | . . Repair Stations . | . . Recycling Units . | . . Scanalyzers . | . . Garrison Access . | . . Total Hacks . | . . Successful . | . . Failed . | . . Catastrophic . | . . Database Lockouts . | . . Manual . | . . Terminals . | . . Fabricators . | . . Repair Stations . | . . Recycling Units . | . . Scanalyzers . | . . Garrison Access . | . . Terminal Hacks . | . . Fabricator Hacks . | . . Repair Station Hacks . | . . Recycling Unit Hacks . | . . Scanalyzer . | . . Garrison Access Hacks . | . . Unauthorized Hacks . | . . Terminals . | . . Fabricators . | . . Repair Stations . | . . Recycling Units . | . . Scanalyzers . | . . Garrison Access . | . . Data Cores Recovered . | . . Used . | . . Hacking Detections . | . . Full Trace Events . | . . Feedback Events . | . . Feedback Blocked . | . . Robot Schematics Acquired . | . . Robots Built . | . . Authchips . | . . Time . | . . Total Robot Build Rating . | . . Part Schematics Acquired . | . . Parts Built . | . . Authchips . | . . Time . | . . Total Part Build Rating . | . . Parts Repaired . | . . Time . | . . Parts Recycled . | . . Recycled Matter . | . . Retrieved Matter . | . . Retrieved Components . | . . Parts Scanalyzed . | . . Part Schematics Acquired . | . . Parts Damaged . | . . Bothacking | -11 -10 ------------ Run | Scr Mat Used RIF Installer . | . . Robots Hacked . | . . Non-combat . | . . Combat . | . . Robot Hacks Applied . | . . Relay Couplers Released . | . . Fabnet Peak Effective % . | . . Robots Rewired . | . . Allies Hacked . | . . Hacks Repelled . | . . Allies | -11 -10 -------- Run | Scr Mat Total Allies . | . . Largest Group . | . . Highest-Rated Group . | . . Highest-Rated Ally . | . . Total Orders . | . . Ally Attacks . | . . Total Damage . | . . Kills . | . . Allies Corrupted . | . . Allies Melted . | . . Intel | -11 -10 ------- Run | Scr Mat Robot Analysis Total . | . . Derelict Logs Recovered . | . . Drone Launches . | . . Drone Recoveries . | . . Exploration | -11 -10 ------------- Run | Scr Mat Turns Passed 321 | 67 254 Spaces Moved 131 | 51 80 Core 16 | 12 4 Treads . | . . Legs 115 | 39 76 Wheels . | . . Hover . | . . Flight . | . . Fastest Speed 50 | 50 120 Average Speed 159 | 103 195 Slowest Speed 1400 | 120 1400 Overloaded Moves . | . . Propulsion Burnouts . | . . Robots Hopped . | . . Cave-ins Triggered . | . . Exploration Rate (%) 10 | 3 17 Regions Visited 1 Branch Regions . Pre-discovered Areas . | . . Known Exits Taken . | . . Unknown Exits Taken 1 | 1 . Scrap Searched . | . . Spaces Dug . | . . Terrain Destroyed . | . . Melee . | . . Projectile . | . . AOE . | . . Terrain Rammed . | . . Walls Destroyed . | . . Machines Disabled . | . . Actions | -11 -10 --------- Run | Scr Mat Total 189 | 65 124 Wait 8 | . 8 Move 130 | 50 80 Hop . | . . Pick Up 14 | 9 5 Fast Attach . | . . Attach 10 | 6 4 Detach . | . . Swap 1 | . 1 Drop . | . . Fire 21 | . 21 Melee . | . . Ram 3 | . 3 Kick 2 | . 2 Crush . | . . Escape Stasis . | . . Rewire . | . . Trap . | . . Miscellaneous . | . . Route ------- -11/Scrapyard -10/Materials History --------- Turn | Location | Event 6 | -11/Scrapyard | Discovered new exit (range 15) 68 | -11/Scrapyard | Entered Materials 299 | -10/Materials | Core integrity fell below 50% 315 | -10/Materials | Core integrity fell below 20% 318 | -10/Materials | Build established: Mutant 322 | -10/Materials | Destroyed by G-47 Trooper with Particle Gun Last Messages --------------- 00235_ R-06 Scavenger collects Flight Unit. 00237_ R-06 Scavenger collects Lgt. Ion Engine. 00238_ R-06 Scavenger collects Lgt. Assault Rifle. 00244_ Kicked R-06 Scavenger. 00244_ R-06 Scavenger sends out distress signal. 00256_ Grenade Launcher destroyed. 00260_ Critical hit (Burn: +37). 00266_ Lgt. Ion Engine destroyed. 00270_ G-34 Mercenary destroyed. 00272_ Aluminum Leg destroyed. 00287_ R-06 Scavenger collects Aluminum Leg. 00290_ Critical hit (Burn: +37). 00291_ R-06 Scavenger collects Aluminum Leg. 00294_ Assault Rifle destroyed. 00294_ Slammed into G-47 Trooper. 00296_ R-06 Scavenger destroyed. 00302_ Terrain Scanner destroyed. 00307_ Slammed into G-47 Trooper. 00320_ R-06 Scavenger collects Com. Wheel. 00321_ Slammed into G-47 Trooper. Map ----- +----------------------------------------------------+ | | | ?????????????????????????????????????????????????? | | ?????????????????????????????????????????????????? | | ?????????????????????????????????????????????????? | | ?????????????????????????????????????????????????? | | ?????????????????????????????????????????????????? | | ?????????????????????????????????????????????????? | | ?????????????????????????????????????????????????? | | ?????????????????????????????????????????????????? | | ?????????????????????????????????????????????????? | | ?????????????????????????????????????????????????? | | ?????????????????????????????????????????????????? | | ?????????????????????????????????????????????????? | | ?????????????????????????????????????????????????? | | ??????????????????????????#??????????????????????? | | ?????????????????????#???????????????????????????? | | ????????????????????????? ???????????????????????? | | ???????????????????????? ???????#?? ????????????? | | ????????????????????#?#??????????? ???????????? | | ???????????????????????#?##?#??## ???????????? | | ?????????????????????????#?###### !???????????? | | ??????????????????? ???? ?? #????????????? | | ??????????????????????????? ??????????????? | | ???????????????????? ?? ??? ????????????????? | | ??????????????????########## #??? ?????????????? | | ??????????????????# @ # ##?#??????????????? | | ????????????????? # g +% #?????????????????? | | ???????????????? # r# #?????#???????????? | | ???????????#??????# =%# #?????????????????? | | ??????????????????# !=# # ???????????????? | | ?????????????? ?# %%# # ???????????????? | | ????????????????#?# # #?? ??????????????? | | ??????????????????# + +?? ?????????????? | | ????????????????#?# # #?????????????????? | | ??????????????#???########### ## ?? ?????????????? | | ????????????? ??#??#?#??????# ## ?????????????? | | ??????????????????????? ???## #??#???????????????? | | ??????????????????????????#?# ########???????????? | | ?????????????????###???? ?#?# # #?????#?????? | | ?????????????????????""? ?### # #???????????? | | ??????????????????????????# #^ ""#???????????? | | ?????????????????????"?? ?# + Y"#?#?????????? | | ??????????????????????????# # ""#???????????? | | ??????????????????????????# # #???#######?? | | ??????????????????????????# ####/####### #?? | | ????????????????????????#?# #?? | | ??????????????????????????# #?? | | ??????????????????????????# ^^ #?? | | ????????????????????????"?########+####### #?? | | ?????????????????????????????????????????## ##?? | +----------------------------------------------------+ Best States ------------- Heat Dissipation 25 Energy Generation 10 Energy Capacity 250 Matter Stores 267 Matter Capacity 300 Sight Range 16 Terrain Scan Range 14 Terrain Scan Density 10 Evasion (%) 55 Item Schematics ----------------- None Robot Schematics ------------------ None Fabricated ------------ Nothing Alien Tech Used ----------------- None Achievements -------------- None Challenges ------------ None Game ------ Seed LinearCannonStorm Manual? 0 Play Time 00:06:36 Cumulative 10.1 hours Start 2022.06.09 @ 13:53:49 End 2022.06.09 @ 13:58:08 Sessions 1 Manual Loads 0 Difficulty Rogue Special Mode None Game No. 19 Rogue 18 Adventurer 0 Explorer 1 Win Type - Total 0 Types 0/0/0/0/0/0/0/0/0 Lore% 3 Gallery% 14 Achievement% 10 Wizard Run 0 Options --------- ASCII 0 Keyboard 0 Movement Numpad Keybinds 0 Fullscreen 1 Font 36/Terminus Map View 76x50 Tactical HUD 1 Map Filters NONE Filters NONE Steam 1 RUN: 21e9a07d-3ca4-450c-99b5-0ce6e75f8885